 Dungeon Crawl Stone Soup version 0.29-a0-857-g9b1aa3ac5b (webtiles) character file.

Game seed: 15934463258562305872

55 nxtlvl the Cutter (level 3, -4/22 HPs)
             Began as a Deep Elf Monk on July 17, 2022.
             Slain by an iron imp (6 damage)
             ... summoned by Eustachio
             ... on level 4 of the Dungeon.
             The game lasted 00:06:15 (1182 turns).

nxtlvl the Cutter (Deep Elf Monk)                   Turns: 1182, Time: 00:06:16

Health: -4/22      AC:  7    Str:  7 (8)  XL:     3   Next: 67%
Magic:  5/5        EV: 13    Int: 14 (16) God:
Gold:   92         SH:  0    Dex: 15 (17) Spells: 2/2 levels left

rFire   + . .      SeeInvis .   a - +0 dagger (drain)
rCold   + . .      Faith    .   (no shield)
rNeg    . . .      Spirit   .   r - +1 robe {rC+ rF+}
rPois   .          Reflect  .   s - +2 helmet
rElec   .          Harm     .   (no cloak)
rCorr   .          Rampage  .   d - +0 pair of gloves
Will    .....                   (no boots)
Stlth   ++........              (no amulet)
HPRegen 0.07/turn               (no ring)
MPRegen 0.09/turn               (no ring)

@: no status effects
A: no striking features
a: no special abilities


You were on level 4 of the Dungeon.
You visited 1 branch of the dungeon, and saw 4 of its levels.

You collected 92 gold pieces.

Inventory:

Hand Weapons
 a - a +0 dagger of draining (weapon)
Missiles
 f - 31 stones (quivered)
 o - 2 poisoned darts
Armour
 d - a +0 pair of gloves (worn)
 g - a +0 helmet
 p - a +0 buckler
 r - a +1 robe of resistance (worn)
 s - a +2 helmet (worn)
Magical Staves
 l - a staff of death
Scrolls
 e - 2 scrolls of fog {unknown}
 h - 2 scrolls of teleportation {unknown}
 j - 2 scrolls of identify {unknown}
 k - a scroll of vulnerability {unknown}
 m - a scroll of blinking {unknown}
 q - a scroll of amnesia {unknown}
Potions
 c - a potion of ambrosia
 i - a potion of curing


   Skills:
 - Level 2.4 Fighting
 * Level 4.7 Short Blades
 - Level 3.6 Dodging
 - Level 2.4 Stealth


You had 2 spell levels left.
You didn't know any spells.
Your spell library contained the following spells:

 Spells                   Type           Power      Damage    Failure   Level
 Ozocubu's Armour         Ice            0%         N/A       65%         3
 Metabolic Englaciation   Hex/Ice        0%         N/A       100%        5
 Simulacrum               Ice/Necr       0%         N/A       100%        6


Dungeon Overview and Level Annotations

Branches:
Dungeon (4/15)
 Temple: D:4-7

Altars:

Shops:
D:3 (

Annotations:
D:3 1 runed translucent door, Crazy Yiuf
D:4 Eustachio


Message History

The quasit misses you.
Eustachio gestures wildly while chanting.
The iron imp picks up a beetle and eats it.
The iron imp closely misses you.
You miss Eustachio.
Eustachio is moderately wounded.
The quasit closely misses you. The quasit misses you.
The quasit claws you but does no damage.
The quokka bites you. The quasit barely misses you.
The quasit claws you but does no damage. x2
Eustachio hits you but does no damage.
The iron imp hits you but does no damage.
You hit Eustachio but do no damage. You drain Eustachio.
Eustachio is heavily wounded.
The quasit misses you.
The quasit claws you but does no damage. x2
The quasit completely misses you.
The quasit claws you but does no damage.
The quasit closely misses you. The quokka closely misses you.
Eustachio barely misses you.
You miss Eustachio.
Eustachio is heavily wounded.
The quasit barely misses you. The quasit closely misses you.
The quasit claws you but does no damage.
The quasit completely misses you. The quasit closely misses you.
The quasit completely misses you. The quokka misses you. The iron imp hits you!
* * * LOW HITPOINT WARNING * * *
Eustachio barely misses you. The quasit closely misses you.
The quasit claws you but does no damage.
The quasit closely misses you.
You barely miss Eustachio.
Eustachio is heavily wounded.
The quasit bites you but does no damage.
The quasit claws you but does no damage. x2
The quokka completely misses you.
The quasit bites you but does no damage.
The quasit barely misses you.
The quasit claws you but does no damage.
The iron imp hits you.
You die...

# #. .# ...
######... ..
#.......#
...#.#####........
......5.r..#.#.#
..#.#@5r.....+
#5@r.....#
#b######.#
#.#......#...
#.#...........
#.#..........###.
#.'.............
###...........#
#...........#


You could see Eustachio (very drained), an iron imp (summoned), 2 quasits, a
river rat (summoned), 2 quokkas and a bat (summoned).

Vanquished Creatures
  Jessica (D:3)
  3 endoplasms
  3 giant cockroaches
  3 goblins
  2 hobgoblins
  A quokka (D:2)
  2 ball pythons
  6 bats
  A frilled lizard (D:3)
  3 kobolds
  4 rats
29 creatures vanquished.

Notes
Turn   | Place    | Note
-------+----------+-------------------------------------------
     0 | D:1      | nxtlvl the Deep Elf Monk began the quest for the Orb.
     0 | D:1      | Reached XP level 1. HP: 13/13 MP: 3/3
   215 | D:1      | Reached XP level 2. HP: 6/18 MP: 4/4
   566 | D:3      | Reached skill level 4 in Short Blades
   651 | D:4      | Noticed Eustachio
   683 | D:3      | Noticed Jessica
   695 | D:3      | Killed Jessica
   696 | D:3      | Reached XP level 3. HP: 9/22 MP: 5/5
   775 | D:3      | Found a runed translucent door.
   776 | D:3      | Noticed Crazy Yiuf
  1000 | D:3      | Found Paerapt's Weapon Shop.
  1182 | D:4      | Slain by an iron imp

Illustrated notes

Levels and vault maps discovered:
D:1:      dpeg_arrival_renting, layout_basic,
          shapermc_ecumenical_altar_mp_ritualfount
D:2:      layout_loops_cross, eino_tiny_chamber, hangedman_abyss_or_decor_stabs,
          minmay_tetromino_l4
D:3:      layout_basic, serial_shops, nicolae_shop_window_shopping,
          nicolae_titane, uniq_crazy_yiuf_cottage, uniq_jessica, uniq_sigmund
D:4:      layout_basic, uniq_eustachio, uniq_edmund

Skill      XL: |  1  2 |
---------------+-------+-----
Short Blades   | 4 |  4.7
Fighting       | |  2.4
Dodging        | |  3.6
Stealth        | |  2.4

Action                   || total
-------------------------++-------
Melee: Short sword       ||    83
       Punch             ||     2
       Dagger            ||    42
  Use: Potion            ||     3
 Stab: Sleeping          ||    10
Armor: Robe              ||    47
Dodge: Dodged            ||   102

Table legend: (Time is in decaauts)
 A = Elapsed time spent in this place.
 B = Non-inter-level travel time spent in this place.
 C = Inter-level travel time spent in this place.
 D = Time resting spent in this place.
 E = Time spent auto-exploring this place.
 F = Levels seen in this place.
 G = Mean time per level.
                   A        B        C        D        E       F      G
               +--------+--------+--------+--------+--------+-----+--------+
         Total |   1165 |   1082 |     83 |      0 |     24 |   4 |  291.2 |
       Dungeon |   1165 |   1082 |     83 |      0 |     24 |   4 |  291.2 |
               +--------+--------+--------+--------+--------+-----+--------+

Top non-repeatable levels by time:
     D:3: 480 daAuts
     D:1: 401 daAuts
     D:2: 170 daAuts
     D:4: 113 daAuts
